 Dungeon Crawl Stone Soup version 0.29-a0-322-g68df515428 (webtiles) character file.

Game seed: 13862483887331838303

3348 greenreed the Magician (level 10, -11/73 HPs)
             Began as a Gnoll Fire Elementalist on Apr 9, 2022.
             Was a Believer of Nemelex Xobeh.
             Killed from afar by Joseph (39 damage)
             ... with a bolt of acid
             ... on level 7 of the Dungeon.
             The game lasted 00:43:30 (9594 turns).

greenreed the Magician (Gnoll Fire Elementalist)    Turns: 9594, Time: 00:43:33

Health: -11/73     AC:  6    Str:  7    XL:     10   Next: 2%
Magic:  13/20      EV: 15    Int: 19    God:    Nemelex Xobeh [**....]
Gold:   614        SH:  0    Dex: 19    Spells: 15/23 levels left

rFire   + . .      SeeInvis .   k - +1 whip (elec)
rCold   . . .      Faith    .   (no shield)
rNeg    . . .      Spirit   .   A - +0 leather armour {rC+}
rPois   .          Reflect  .   (no helmet)
rElec   .          Harm     .   o - +0 cloak
rCorr   .          Rampage  .   e - +0 pair of gloves
Will    .....                   (no boots)
Stlth   +++.......              (no amulet)
HPRegen 0.22/turn               F - +6 ring of dexterity
MPRegen 0.17/turn               w - ring of fire

@: no status effects
A: fangs 1, strong nose, distributed training
a: Renounce Religion, Draw Escape, Draw Destruction, Draw Summoning


You were on level 7 of the Dungeon.
You worshipped Nemelex Xobeh.
Nemelex Xobeh was pleased with you.
You visited 2 branches of the dungeon, and saw 8 of its levels.
You also visited: Ossuary.

You collected 614 gold pieces.

Inventory:

Hand Weapons
 k - a +1 whip of electrocution (weapon)
 n - a +2 antimagic whip
 s - a +0 dagger of protection
 C - a +0 hand crossbow
Missiles
 q - 6 poisoned darts
Armour
 a - a +0 robe
 e - a +0 pair of gloves (worn)
 o - a +0 cloak (worn)
 A - a +0 leather armour of cold resistance (worn)
 O - the +3 ring mail "Guedar Ebba" {Fly rPois Str-3 Dex+9}
   (You found it on level 6 of the Dungeon)

   Str:       It affects your strength (-3).
   Dex:       It affects your dexterity (+9).
   rPois:     It protects you from poison.
   Fly:       It grants you flight.
Magical Staves
 D - a staff of earth
Jewellery
 p - a ring of ice
 w - a ring of fire (right hand)
 F - a +6 ring of dexterity (left hand)
Wands
 t - a wand of digging (6)
 B - a wand of paralysis (10)
 G - a wand of flame (14)
 P - a wand of mindburst (18)
Scrolls
 c - a scroll of fear {unknown}
 d - a scroll of holy word {unknown}
 f - 3 scrolls of fog {unknown}
 g - a scroll of teleportation
 j - 6 scrolls of immolation
 m - 5 scrolls of enchant armour
 v - 2 scrolls of noise {unknown}
 y - a scroll of torment
 E - 2 scrolls of enchant weapon {unknown}
 H - a scroll of vulnerability {unknown}
 I - 2 scrolls of magic mapping {unknown}
 K - 2 scrolls of amnesia {unknown}
 L - a scroll of summoning {unknown}
Potions
 b - a potion of magic
 h - 3 potions of curing
 i - a potion of brilliance {unknown}
 l - 5 potions of lignification
 r - 2 potions of cancellation
 u - a potion of berserk rage {unknown}
 x - 3 potions of degeneration
 z - 2 potions of invisibility
 J - 2 potions of heal wounds {unknown}
 M - a potion of flight {unknown}
 N - a potion of ambrosia {unknown}
 Q - a potion of haste


   Skills:
 + Level 4.8 Fighting
 + Level 4.8 Short Blades
 + Level 4.8 Long Blades
 + Level 4.8 Axes
 + Level 4.8 Maces & Flails
 + Level 4.8 Polearms
 + Level 4.8 Staves
 + Level 4.8 Slings
 + Level 4.8 Bows
 + Level 4.8 Crossbows
 + Level 4.8 Throwing
 + Level 4.8 Armour
 + Level 6.7 Dodging
 + Level 6.4 Stealth
 + Level 4.8 Shields
 + Level 4.8 Unarmed Combat
 + Level 7.0 Spellcasting
 + Level 4.5 Conjurations
 + Level 4.0 Hexes
 + Level 4.0 Summonings
 + Level 4.0 Necromancy
 + Level 4.0 Translocations
 + Level 4.0 Transmutations
 + Level 6.8 Fire Magic
 + Level 4.0 Ice Magic
 + Level 4.0 Air Magic
 + Level 4.0 Earth Magic
 + Level 4.0 Poison Magic
 + Level 5.3 Invocations
 + Level 4.8 Evocations


You had 15 spell levels left.
You knew the following spells:

 Your Spells              Type           Power      Damage    Failure   Level
a - Foxfire               Conj/Fire      100%       2x1d9     1%          1
b - Slow                  Hex            84%        N/A       2%          1
c - Scorch                Fire           98%        2d9       1%          2
d - Flame Wave            Conj/Fire      42%        2d9       13%         4

Your spell library contained the following spells:

 Spells                   Type           Power      Damage    Failure   Level
 Animate Skeleton         Necr           42%        N/A       2%          1
 Pain                     Necr           84%        1d8       2%          1
 Sublimation of Blood     Necr           21%        N/A       4%          2
 Conjure Flame            Conj/Fire      42%        6-21      4%          3
 Inner Flame              Hex/Fire       41%        N/A       4%          3
 Call Canine Familiar     Summ           21%        N/A       9%          3
 Confusing Touch          Hex            21%        N/A       9%          3
 Portal Projectile        Hex/Tloc       42%        N/A       9%          3
 Vampiric Draining        Necr           21%        2d7       9%          3
 Leda's Liquefaction      Hex/Erth       10%        N/A       26%         4
 Petrify                  Tmut/Erth      21%        N/A       26%         4
 Fireball                 Conj/Fire      21%        3d10      36%         5
 Irradiate                Conj/Tmut      11%        3d17      56%         5
 Iron Shot                Conj/Erth      11%        9d3       98%         6
 Shatter                  Erth           10%        3d12*     100%        9


Dungeon Overview and Level Annotations

Branches:
Dungeon (7/15)             Temple (1/1) D:4         Ossuary (visited)

Altars:
Ashenzari
Cheibriados
Dithmenos
Elyvilon
Fedhas
Gozag
Hepliaklqana
Kikubaaqudgha
Makhleb
Nemelex Xobeh
Okawaru
Qazlal
Ru
Sif Muna
Trog
Uskayaw
Vehumet
Wu Jian
Xom
Yredelemnul
Zin
The Shining One

Shops:
D:1 *   D:6 **

Annotations:
D:6 Dowan, Duvessa
D:7 Joseph


Innate Abilities, Weirdness & Mutations

You have very sharp teeth.
Your uncanny sense of smell can sniff out nearby items.
Your experience applies equally to all skills.


Message History

Your foxfire dissipates!
Casting: Foxfire (safe; 1% risk of failure)
Confirm with . or Enter, or press ? or * to list all spells.
You feel a surge of power!
You conjure some foxfire!
Joseph shoots a sling bullet.
The sling bullet barely misses you.
Casting: Foxfire (safe; 1% risk of failure)
Confirm with . or Enter, or press ? or * to list all spells.
You feel a surge of power!
You conjure some foxfire!
Joseph shoots a sling bullet.
The sling bullet closely misses you. The sling bullet hits your foxfire!
Joseph shoots a sling bullet.
The sling bullet hits you!
The foxfire hits Joseph.
Joseph is lightly wounded.
Casting: Foxfire (safe; 1% risk of failure)
Confirm with . or Enter, or press ? or * to list all spells.
You can't see any susceptible monsters within range! (Use Z to cast anyway.) Unknown command.
Casting: Foxfire (safe; 1% risk of failure)
Confirm with . or Enter, or press ? or * to list all spells.
Aiming: Slow (safe; 2% risk of failure)
Press: ? - help, Shift-Dir - straight line, f/p - Joseph
Aim: Joseph, wielding a +0 hunting sling, wearing a +0 leather armour and carrying a wand of acid (8) (lightly wounded, fast, ally target, chance to affect: 43%) Joseph resists with some effort.
The foxfire hits Joseph.
Joseph is lightly wounded.
Joseph shoots a sling bullet.
The sling bullet barely misses you. The sling bullet hits your foxfire!!
Casting: Slow (safe; 2% risk of failure)
Confirm with . or Enter, or press ? or * to list all spells.
Aiming: Slow (safe; 2% risk of failure)
Press: ? - help, Shift-Dir - straight line, f/p - Joseph
Aim: Joseph, wielding a +0 hunting sling, wearing a +0 leather armour and carrying a wand of acid (8) (lightly wounded, fast, ally target, chance to affect: 43%) Joseph seems to slow down.
The foxfire hits Joseph.
Joseph is lightly wounded.
Joseph shoots a sling bullet.
The sling bullet hits you!!
Casting: Slow (safe; 2% risk of failure)
Confirm with . or Enter, or press ? or * to list all spells.
You feel a surge of power!
You conjure some foxfire!
Joseph zaps a wand.
The bolt of acid misses your foxfire. The bolt of acid hits you!!!
Ouch! That really hurt!
You die...
Your body disappears without a glow.

...# ######
#......###....#
...####
##.....##..##.#
....#.#
#....##.<.##.#
#...#.#
#########...###.#
#...#.#
##...###....##
#.# #...#.#
##..#..#..#..#
#.# ##'##.#
#..###...###.#
#.# #....#
#...#..#..#..#
#.## ######
#...v@###....#
##.#
##....v###...#
### #..........##
#..#..#..#..#
#.###.§.###.#
...#..#.@#..#
#........§...
#....######..


You could see Joseph (fast, slow, ally target).

Vanquished Creatures
  Prince Ribbit (D:6)
  Menkaure (D:4)
  Edmund (D:4)
  2 sky beasts (D:6)
  2 ice beasts
  2 black bears
  2 centaurs
  A phantom (D:4)
  A bullfrog (D:7)
  2 scorpions
  A necrophage (D:5)
  14 wights
  6 killer bees (D:7)
  A howler monkey (D:6)
  3 hounds (D:5)
  2 jellies
  An orc priest (D:5)
  Jessica (D:2)
  An iguana (D:5)
  Natasha (thrice) (D:2)
  7 orc wizards
  8 mummies (Ossuary)
  7 adders
  10 gnolls
  A river rat (D:6)
  A white imp (D:7)
  3 ufetubi
  3 worms
  3 dart slugs
  16 orcs
  7 endoplasms
  6 giant cockroaches
  11 goblins
  9 hobgoblins
  2 jackals (D:4)
  3 quokkas
  5 ball pythons
  5 bats
  3 frilled lizards
  3 hobgoblin zombies (Ossuary)
  5 kobolds
  2 kobold zombies (Ossuary)
  3 orc zombies (Ossuary)
  8 rats
179 creatures vanquished.

Vanquished Creatures (collateral kills)
  2 foxfires (D:1)
2 creatures vanquished.

Vanquished Creatures (others)
  724 foxfires
724 creatures vanquished.

Grand Total: 905 creatures vanquished

Notes
Turn   | Place    | Note
-------+----------+-------------------------------------------
     0 | D:1      | greenreed the Gnoll Fire Elementalist began the quest for
                  | the Orb.
     0 | D:1      | Reached XP level 1. HP: 13/13 MP: 6/6
   249 | D:1      | Reached XP level 2. HP: 19/19 MP: 4/7
   298 | D:1      | Found Bigaohel's Assorted Antiques.
   896 | D:2      | Noticed Natasha
   899 | D:2      | Reached XP level 3. HP: 25/25 MP: 6/9
   901 | D:2      | Killed Natasha
   902 | D:2      | Reached skill level 5 in Spellcasting
   902 | D:2      | Reached skill level 1 in Invocations
   948 | D:2      | Reached skill level 1 in Fighting
   948 | D:2      | Reached skill level 1 in Short Blades
   948 | D:2      | Reached skill level 1 in Long Blades
   948 | D:2      | Reached skill level 1 in Axes
   948 | D:2      | Reached skill level 1 in Maces & Flails
   948 | D:2      | Reached skill level 1 in Polearms
   948 | D:2      | Reached skill level 1 in Staves
   948 | D:2      | Reached skill level 1 in Slings
   948 | D:2      | Reached skill level 1 in Bows
   948 | D:2      | Reached skill level 1 in Crossbows
   948 | D:2      | Reached skill level 1 in Throwing
   948 | D:2      | Reached skill level 1 in Armour
   948 | D:2      | Reached skill level 1 in Shields
   948 | D:2      | Reached skill level 1 in Unarmed Combat
   948 | D:2      | Reached skill level 1 in Evocations
   953 | D:2      | Got the Disquisition on Hurtful Earth
  1045 | D:2      | Noticed Natasha
  1051 | D:2      | Killed Natasha
  1052 | D:2      | Reached XP level 4. HP: 32/32 MP: 4/11
  1111 | D:2      | Noticed Natasha
  1145 | D:2      | Reached skill level 1 in Hexes
  1145 | D:2      | Reached skill level 1 in Summonings
  1145 | D:2      | Reached skill level 1 in Necromancy
  1145 | D:2      | Reached skill level 1 in Translocations
  1145 | D:2      | Reached skill level 1 in Transmutations
  1145 | D:2      | Reached skill level 1 in Ice Magic
  1145 | D:2      | Reached skill level 1 in Air Magic
  1145 | D:2      | Reached skill level 1 in Earth Magic
  1145 | D:2      | Reached skill level 1 in Poison Magic
  1179 | D:2      | Reached XP level 5. HP: 23/37 MP: 3/12
  1296 | D:2      | Killed Natasha
  1713 | D:2      | Noticed Jessica
  1717 | D:2      | Killed Jessica
  2177 | D:3      | Reached XP level 6. HP: 44/44 MP: 10/13
  2945 | D:4      | Reached skill level 5 in Dodging
  2982 | D:4      | Noticed a black bear
  2986 | D:4      | Learned a level 1 spell: Slow
  2989 | D:4      | Learned a level 2 spell: Scorch
  2995 | D:4      | Killed a black bear
  2996 | D:4      | Reached XP level 7. HP: 50/50 MP: 7/15
  3220 | D:4      | Noticed Menkaure
  3229 | D:4      | Killed Menkaure
  3509 | D:4      | Reached skill level 5 in Stealth
  4318 | D:4      | Noticed Edmund
  4331 | D:4      | Killed Edmund
  4332 | D:4      | Reached XP level 8. HP: 51/57 MP: 0/16
  4449 | D:4      | Found a staircase to the Ecumenical Temple.
  4459 | Temple   | Entered the Ecumenical Temple
  4611 | Temple   | Became a worshipper of Nemelex Xobeh the Trickster
  4712 | D:5      | Entered Level 5 of the Dungeon
  4840 | D:5      | Reached skill level 6 in Spellcasting
  4994 | D:5      | Found a radiant altar of Vehumet.
  4994 | D:5      | Found a broken altar of Ashenzari.
  4996 | D:5      | Found a glowing silver altar of Zin.
  5022 | D:5      | Found a sacrificial altar of Ru.
  5411 | D:5      | Found a sand-covered staircase.
  5422 | Ossuary  | Entered an ossuary
  6343 | D:6      | Reached * piety under Nemelex Xobeh
  6476 | D:6      | Reached XP level 9. HP: 54/63 MP: 8/18
  7189 | D:6      | Noticed Prince Ribbit
  7196 | D:6      | Killed Prince Ribbit
  7244 | D:6      | Received a gift from Nemelex Xobeh
  7319 | D:6      | Identified the +3 ring mail "Guedar Ebba" {Fly rPois Str-3
                  | Dex+9}
  7412 | D:6      | Noticed Duvessa
  7412 | D:6      | Noticed Dowan
  7881 | D:6      | Found Xonos's General Store.
  7883 | D:6      | Found Dofoa's Specific Store.
  8439 | D:7      | Reached skill level 5 in Invocations
  8448 | D:7      | HP: 1/58 [wight/+0 war axe (3)]
  8771 | D:7      | Reached ** piety under Nemelex Xobeh
  9050 | D:7      | Learned a level 4 spell: Flame Wave
  9059 | D:7      | Reached skill level 7 in Spellcasting
  9368 | D:7      | Reached XP level 10. HP: 73/73 MP: 18/20
  9580 | D:7      | Noticed Joseph
  9594 | D:7      | Killed from afar by Joseph

Illustrated notes

Levels and vault maps discovered:
D:1:      wheals_arrival_linesprint, layout_rooms, serial_shops,
          nicolae_shop_overgrown_old_shop
D:2:      layout_rooms, uniq_natasha, uniq_jessica
D:3:      layout_basic
D:4:      layout_cave_pods, temple_hall, uniq_edmund, uniq_menkaure
D:5:      layout_basic, nicolae_overflow_quartered_altars,
          nicolae_ossuary_entry_ruins
D:6:      nicolae_cairo_tiling, layout_gridville, portal_sewer_entry_c,
          nicolae_specific_store, uniq_prince_ribbit1, uniq_duvessa
D:7:      layout_layer_cave, gammafunk_ghost_icy, serial_glass, glass_columns_b,
          glass_columns_b, item_on_display_a, due_unseen_surprise,
          feat_on_display, minmay_strange_pillars, lightli_corner_chamber,
          uniq_joseph
Temple:   mainiacjoe_temple_coin_purse

Skill      XL: |  1  2  3  4  5  6  7  8  9 |
---------------+----------------------------+-----
Conjurations   | 2 3 4 |  4.5
Spellcasting   | 5 6 7 |  7.0
Invocations    | 1 2 3 4 5 |  5.3
Fighting       | 1 2 3 4 |  4.8
Short Blades   | 1 2 3 4 |  4.8
Long Blades    | 1 2 3 4 |  4.8
Axes           | 1 2 3 4 |  4.8
Maces & Flails | 1 2 3 4 |  4.8
Polearms       | 1 2 3 4 |  4.8
Staves         | 1 2 3 4 |  4.8
Slings         | 1 2 3 4 |  4.8
Bows           | 1 2 3 4 |  4.8
Crossbows      | 1 2 3 4 |  4.8
Throwing       | 1 2 3 4 |  4.8
Armour         | 1 2 3 4 |  4.8
Shields        | 1 2 3 4 |  4.8
Unarmed Combat | 1 2 3 4 |  4.8
Evocations     | 1 2 3 4 |  4.8
Hexes          | 1 2 3 4 |  4.0
Summonings     | 1 2 3 4 |  4.0
Necromancy     | 1 2 3 4 |  4.0
Translocations | 1 2 3 4 |  4.0
Transmutations | 1 2 3 4 |  4.0
Ice Magic      | 1 2 3 4 |  4.0
Air Magic      | 1 2 3 4 |  4.0
Earth Magic    | 1 2 3 4 |  4.0
Poison Magic   | 1 2 3 4 |  4.0
Dodging        | 5 6 |  6.7
Stealth        | 5 6 |  6.4
Fire Magic     | 6 |  6.8

Action                   |  1- 3 |  4- 6 |  7- 9 | 10-12 || total
-------------------------+-------+-------+-------+-------++-------
Melee: Whip              |       |    10 |    16 |       ||    26
       Bite              |       |     2 |     2 |       ||     4
       Dagger            |       |     1 |       |       ||     1
 Cast: Foxfire           |    47 |   102 |   275 |    10 ||   434
       Scorch            |       |     1 |    42 |     2 ||    45
       Slow              |       |     1 |    12 |     2 ||    15
       Flame Wave        |       |       |     2 |       ||     2
Evoke: Wand              |       |       |     1 |       ||     1
  Use: Scroll            |       |       |     9 |       ||     9
       Potion            |       |       |     3 |       ||     3
 Stab: Sleeping          |       |     1 |       |       ||     1
Armor: Robe              |     2 |     2 |     5 |       ||     9
       Leather armour    |       |       |     8 |       ||     8
Dodge: Dodged            |     3 |    14 |    73 |     5 ||    95

Table legend: (Time is in decaauts)
 A = Elapsed time spent in this place.
 B = Non-inter-level travel time spent in this place.
 C = Inter-level travel time spent in this place.
 D = Time resting spent in this place.
 E = Time spent auto-exploring this place.
 F = Levels seen in this place.
 G = Mean time per level.
                   A        B        C        D        E       F      G
               +--------+--------+--------+--------+--------+-----+--------+
         Total |   9580 |   9098 |    482 |   1260 |   6011 |   9 | 1064.4 |
       Dungeon |   9077 |   8631 |    446 |   1195 |   5764 |   7 | 1296.7 |
        Temple |    163 |    127 |     36 |      0 |     84 |   1 |  163.0 |
       Ossuary |    339 |    339 |      0 |     65 |    163 |   1 |  339.0 |
               +--------+--------+--------+--------+--------+-----+--------+

Top non-repeatable levels by time:
     D:6: 1643 daAuts
     D:4: 1611 daAuts
     D:5: 1527 daAuts
     D:7: 1358 daAuts
     D:3: 1132 daAuts
     D:1: 1026 daAuts
     D:2: 778 daAuts
 Ossuary: 339 daAuts
  Temple: 163 daAuts
